 Dungeon Crawl Stone Soup version 0.17-a0-1914-gde4187c (webtiles) character file.

3868 Kolbur the Impaler (level 10, 0/74 HPs)
             Began as a Merfolk Ice Elementalist on Sept 26, 2015.
             Was an Initiate of Ashenzari.
             Slain by a yak (8 damage)
             ... on level 1 of the Lair of Beasts.
             The game lasted 00:46:08 (3193 turns).

Kolbur the Impaler (Merfolk Ice Elementalist)       Turns: 3193, Time: 00:46:08

Health: 0/74       AC:  4    Str:  9    XL:     10   Next: 19%
Magic:  12/13      EV: 17    Int: 16    God:    Ashenzari [......]
Gold:   341        SH:  0    Dex: 16    Spells: 4 memorised, 1 level left

rFire  x . .     SeeInvis .     n - +4 halberd (vamp)
rCold  + . .     Clarity  .     a - +0 robe
rNeg   . . .     SustAt   .     (no shield)
rPois  .         Gourm    .     (no helmet)
rElec  .         Spirit   .     (no cloak)
rCorr  .         Warding  .     (no gloves)
rMut   .         Stasis   .     q - +1 pair of boots
MR     .....                    (no amulet)
Stlth  ++........               (no ring)
                                s - ring of ice

@: about to teleport, not resistant to hostile enchantments, unstealthy
A: change form in water, swift swim
a: Renounce Religion


You were on level 1 of the Lair of Beasts.
You worshipped Ashenzari.
Ashenzari was noncommittal.
You were very hungry.

You visited 3 branches of the dungeon, and saw 12 of its levels.

You collected 341 gold pieces.

Inventory:

Hand weapons
 n - a +4 vampiric halberd (weapon)
 p - a +0 spear
Missiles
 f - 19 poisoned needles
 h - 92 stones
 j - 3 tomahawks (quivered)
Armour
 a - a +0 robe (worn)
 l - a +0 pair of boots
 q - a +1 pair of boots (worn)
Jewellery
 s - a ring of ice (left hand)
Magical devices
 e - a wand of magic darts (31)
 A - a wand of confusion (22)
Scrolls
 i - 4 scrolls of fog
 k - a scroll of amnesia
 m - 2 scrolls of enchant weapon
 u - a scroll of fear {unknown}
 x - a scroll of immolation
 y - a scroll of noise {unknown}
Potions
 d - 5 potions of curing
 r - a potion of degeneration {unknown}
 t - a potion of agility
 v - a potion of heal wounds {unknown}
 w - a potion of magic {unknown}
Books
 b - a book of Frost

   Spells                             Type                      Level
   a - Freeze                         Ice                          1
   b - Throw Frost                    Conjuration/Ice              2
   c - Ozocubu's Armour               Charms/Ice                   3
   d - Throw Icicle                   Conjuration/Ice              4
   e - Summon Ice Beast               Ice/Summoning                4
   f - Condensation Shield            Ice                          4
Comestibles
 c - a bread ration
 z - 4 chunks of flesh


   Skills:
 - Level 5.1 Fighting
 + Level 15.1 Polearms
 - Level 7.1 Dodging
 - Level 2.1 Stealth
 - Level 2.0 Spellcasting
   Level 0.7 Conjurations
 - Level 1.0 Charms
 + Level 2.0 Summonings
 - Level 6.0 Ice Magic


You had one spell level left.
You knew the following spells:

 Your Spells              Type           Power        Failure   Level  Hunger
a - Freeze                Ice            ####         1%          1    #......
i - Summon Ice Beast      Ice/Summ       ###.....     38%         4    #####..
o - Ozocubu's Armour      Chrm/Ice       ###.....     14%         3    ###....
s - Condensation Shield   Ice            ####......   17%         4    #####..


Dungeon Overview and Level Annotations

Branches:
Dungeon (10/15)            Temple (1/1) D:7            Lair (1/8) D:9
    Orc: D:9-12

Altars:
Ashenzari
Elyvilon
Fedhas
Gozag
Kikubaaqudgha
Makhleb
Okawaru
Qazlal
Sif Muna
Trog
Vehumet
Zin

Shops:
D:10 (


Message History

As you read the scroll labeled LASACLU HOYWK, it crumbles to dust.
The creatures around you are filled with an inner flame!
It was a scroll of immolation.
Read which item? (? for menu, Esc to quit)
As you read the scroll labeled APPIWN FEHIGEP, it crumbles to dust.
It is a scroll of enchant armour.
Enchant which item? (? for menu, Esc to quit)
Your +0 pair of boots glows green for a moment.
The yak closely misses you. The yak misses you.
Read which item? (? for menu, Esc to quit)
Okay, then.
Read which item? (? for menu, Esc to quit)
Okay, then.
Drink which item? (? for menu, Esc to quit)
Okay, then.
Read which item? (? for menu, Esc to quit)
As you read the scroll labeled RYL APOOZOATS, it crumbles to dust.
You feel strangely unstable.
It was a scroll of teleportation.
The yak gores you!
You die...

....
#......###...
###....#.....
##.........
#......##
#....##.#
#!.### #
##Y.# ##YY.#
#.@### #..#
#.S## #...
#..# ... ....
.##..


You could see 3 yaks and a water moccasin (inner flame).

Vanquished Creatures
  A hill giant (D:10)
  A rust devil (D:7)
  A fire drake (D:9)
  A two-headed ogre (D:9)
  A hungry ghost (D:10)
  3 yaks (Lair:1)
  A hippogriff (D:10)
  4 wolves
  An ogre (D:7)
  A sky beast (D:6)
  2 ice beasts (D:8)
  A phantom (D:7)
  3 giant frogs
  5 killer bees (D:10)
  2 orc wizards
  A jelly (D:8)
  2 crimson imps
  A giant frog zombie (D:5)
  3 hounds
  Jessica (D:3)
  2 iguanas (D:8)
  3 worker ants
  7 gnolls
  9 adders
  A worker ant zombie (D:5)
  A shadow imp (D:9)
  2 adder zombies
  An adder skeleton (D:5)
  4 giant geckos
  9 orcs
  4 giant cockroaches
  A hobgoblin (D:3)
  4 quokkas
  3 bats
  6 giant newts
  4 goblins
  4 kobolds
  3 rats
104 creatures vanquished.

Vanquished Creatures (others)
  The ghost of Ijustatesigmund the Cleaver, an experienced HOFi (D:5)
1 creature vanquished.

Grand Total: 105 creatures vanquished

Notes
Turn   | Place    | Note
--------------------------------------------------------------
     0 | D:1      | Kolbur the Merfolk Ice Elementalist began the quest for the Orb.
     0 | D:1      | Reached XP level 1. HP: 13/13 MP: 3/3
   412 | D:1      | Reached XP level 2. HP: 7/19 MP: 0/5
   452 | D:1      | Reached skill level 4 in Ice Magic
   597 | D:2      | Reached XP level 3. HP: 17/24 MP: 4/6
   728 | D:3      | Reached skill level 5 in Ice Magic
   895 | D:3      | Reached XP level 4. HP: 28/31 MP: 3/7
   986 | D:3      | Reached skill level 1 in Fighting
  1024 | D:3      | Noticed Jessica
  1037 | D:3      | Killed Jessica
  1049 | D:3      | Learned a level 3 spell: Ozocubu's Armour
  1312 | D:2      | Reached XP level 5. HP: 28/38 MP: 1/8
  1340 | D:2      | Learned a level 4 spell: Condensation Shield
  1408 | D:3      | Reached skill level 1 in Polearms
  1551 | D:5      | Entered Level 5 of the Dungeon
  1560 | D:5      | Killed Ijustatesigmund's ghost
  1578 | D:4      | Reached skill level 1 in Charms
  1590 | D:5      | Noticed a centaur
  1702 | D:5      | Reached XP level 6. HP: 24/44 MP: 4/9
  1776 | D:6      | Found an iron altar of Okawaru.
  1793 | D:6      | Reached skill level 5 in Polearms
  1842 | D:7      | Reached XP level 7. HP: 11/50 MP: 4/10
  1916 | D:8      | Reached skill level 6 in Polearms
  2056 | D:8      | Reached skill level 7 in Polearms
  2174 | D:6      | Reached skill level 8 in Polearms
  2202 | D:7      | Found a staircase to the Ecumenical Temple.
  2215 | Temple   | Entered the Ecumenical Temple
  2267 | Temple   | Became a worshipper of Ashenzari the Shackled
  2320 | D:7      | Noticed a rust devil
  2350 | D:7      | Killed a rust devil
  2350 | D:7      | Reached skill level 10 in Polearms
  2350 | D:7      | Reached XP level 8. HP: 56/56 MP: 11/11
  2468 | D:7      | Reached skill level 11 in Polearms
  2540 | D:8      | Reached skill level 12 in Polearms
  2623 | D:9      | Found a radiant altar of Vehumet.
  2624 | D:9      | Found a stormy altar of Qazlal.
  2632 | D:9      | Found a staircase to the Lair.
  2633 | D:9      | Noticed a fire drake
  2661 | D:9      | Killed a fire drake
  2661 | D:9      | Reached skill level 5 in Dodging
  2661 | D:9      | Reached XP level 9. HP: 28/63 MP: 3/12
  2751 | D:10     | Entered Level 10 of the Dungeon
  2751 | D:10     | Found Esannedae's Weapon Shop.
  2752 | D:10     | Reached skill level 13 in Polearms
  2790 | D:9      | Noticed a two-headed ogre
  2797 | D:9      | Killed a two-headed ogre
  2939 | D:10     | Noticed a cyclops
  2960 | D:10     | Noticed a hill giant
  2982 | D:10     | Killed a hill giant
  2982 | D:10     | Reached skill level 14 in Polearms
  3059 | Lair:1   | Entered Level 1 of the Lair of Beasts
  3074 | D:9      | Reached XP level 10. HP: 23/73 MP: 10/13
  3088 | Lair:1   | Reached skill level 5 in Fighting
  3094 | Lair:1   | Learned a level 4 spell: Summon Ice Beast
  3106 | Lair:1   | Found a burning altar of Makhleb.
  3128 | Lair:1   | Noticed a komodo dragon
  3133 | Lair:1   | Reached skill level 15 in Polearms
  3133 | Lair:1   | Reached skill level 1 in Summonings
  3160 | Lair:1   | HP: 1/74 [yak (16)]
  3193 | Lair:1   | Slain by a yak

Vault maps used:
D:1:      kilobyte_arrival_exit_the_forest
D:2:      first_bread, minmay_item_behind_shaft
D:3:      uniq_jessica
D:4:      serial_shops, nicolae_shop_trees
D:5:      nemelex_altar_shiori, uniq_menkaure
D:6:      gammafunk_temple_overflow_forgotten, okawaru_ov_weapons_minmay,
          tgw_xom
D:7:      lemuel_round_altar, temple_garden
D:8:      lemuel_coloured_pillars_altar, serial_park_tiny_pond
D:9:      gammafunk_temple_overflow_statue, overflow_temple_1_default,
          minmay_lair_entry_lava, serial_park_tiny_1
D:10:     serial_shops, shop
Temple:   minmay_temple_bridge_a_8
Lair:1:   basic_altar, wad_woods_antlair

Action                   |  1- 3 |  4- 6 |  7- 9 | 10-12 || total
-------------------------+-------+-------+-------+-------++-------
Melee: Dagger            |     5 |     3 |       |       ||     8
       Unarmed           |     1 |       |       |       ||     1
       Spear             |       |    19 |       |       ||    19
       Halberd           |       |    46 |   184 |    39 ||   269
Throw: Stone             |     1 |     6 |     3 |       ||    10
       Tomahawk          |       |       |     3 |       ||     3
 Cast: Freeze            |    30 |    51 |    28 |     1 ||   110
       Ozocubu's Armour  |       |     4 |    11 |     1 ||    16
       Condensation Shie |       |       |       |     2 ||     2
  Use: Scroll            |       |     6 |     3 |     3 ||    12
       Potion            |       |     1 |       |       ||     1
 Stab: Sleeping          |     5 |     5 |     4 |       ||    14
  Eat: Chunk             |       |     4 |     9 |       ||    13
       Meat ration       |       |     1 |     1 |       ||     2

Vault maps used:
D:1:      kilobyte_arrival_exit_the_forest
D:2:      first_bread, minmay_item_behind_shaft
D:3:      uniq_jessica
D:4:      serial_shops, nicolae_shop_trees
D:5:      nemelex_altar_shiori, uniq_menkaure
D:6:      gammafunk_temple_overflow_forgotten, okawaru_ov_weapons_minmay,
          tgw_xom
D:7:      lemuel_round_altar, temple_garden
D:8:      lemuel_coloured_pillars_altar, serial_park_tiny_pond
D:9:      gammafunk_temple_overflow_statue, overflow_temple_1_default,
          minmay_lair_entry_lava, serial_park_tiny_1
D:10:     serial_shops, shop
Temple:   minmay_temple_bridge_a_8
Lair:1:   basic_altar, wad_woods_antlair

Table legend:
 A = Turns spent in this place as a percentage of turns spent in the entire game.
 B = Non-inter-level travel turns spent in this place as a percentage of non-inter-level travel turns spent in the entire game.
 C = Inter-level travel turns spent in this place as a percentage of turns spent in this place.
 D = Turns resting spent in this place as a percentage of non-inter-level travel turns spent in this place.
 E = Turns spent auto-exploring this place as a percentage of non-inter-level travel turns spent in this place.
 F = Non-inter-level travel turns spent in this place divided by the number of levels of this place that you've seen.
                   A       B       C       D       E      F
               +-------+-------+-------+-------+-------+----------------------
         Total | 100.0 | 100.0 |   0.3 |   0.2 |   0.1 | 234.3
       Dungeon |  93.3 |  93.4 |   0.2 |   0.2 |   0.1 | 262.6
        Temple |   1.9 |   1.8 |   3.8 |   0.0 |   0.0 |  51.0
          Lair |   4.8 |   4.8 |   0.0 |   0.0 |   0.0 | 135.0
               +-------+-------+-------+-------+-------+----------------------
